 Dungeon Crawl Stone Soup version 0.24-a0-282-g1a68c91 (webtiles) character file.

Game seed: 15848152905272283885

434 MatthieuS the Conjurer (level 6, 0/47 HPs)
             Began as a Draconian Conjurer on May 2, 2019.
             Slain by a gnoll
             ... wielding a +0 spear
              (1 damage)
             ... on level 5 of the Dungeon.
             The game lasted 00:06:07 (2962 turns).

MatthieuS the Conjurer (Draconian Conjurer)         Turns: 2962, Time: 00:06:07

Health: 0/47       AC:  7    Str: 14    XL:     6   Next: 68%
Magic:  22/22      EV: 12    Int: 11    God:
Gold:   139        SH:  0    Dex: 13    Spells: 11/14 levels left

rFire    . . .     SeeInvis .   m - +2 hunting sling of a bazaar {venom, rPois Str+4 Int-5 Stlth+}
rCold    . . .     Gourm    .   (no shield)
rNeg     . . .     Faith    .   (armour unavailable)
rPois    +         Spirit   .   (helmet restricted)
rElec    .         Reflect  .   (no cloak)
rCorr    .         Harm     .   (no gloves)
MR       .....                  c - +0 pair of boots {Stlth+}
Stlth    ++++......             (no amulet)
HPRegen  0.15/turn              q - ring of magical power
MPRegen  0.18/turn              (no ring)

@: no status effects
A: unfitting armour, cold-blooded, AC +6
a: no special abilities


You were on level 5 of the Dungeon.
You were not hungry.

You visited 1 branch of the dungeon, and saw 5 of its levels.

You collected 139 gold pieces.

Inventory:

Hand Weapons
 g - a +2 dagger of holy wrath
   (You found it on level 1 of the Dungeon)
 m - the +2 hunting sling of a bazaar (weapon) {venom, rPois Str+4 Int-5 Stlth+}
   (You found it on level 3 of the Dungeon)

   It poisons the ammo it fires.
   It affects your strength (+4).
   It affects your intelligence (-5).
   It protects you from poison.
   It makes you more stealthy.
Missiles
 r - 4 stones (quivered)
Armour
 c - a +0 pair of boots of stealth (worn)
   (You found it on level 2 of the Dungeon)
Jewellery
 q - a ring of magical power (left hand)
   (You found it on level 3 of the Dungeon)
Scrolls
 a - 2 scrolls of identify {@r1}
 d - a scroll of immolation {unknown}
 f - a scroll of teleportation {@r4}
 h - a scroll of blinking {unknown}
 k - 3 scrolls of enchant weapon
 l - a scroll of amnesia {unknown}
 o - a scroll of remove curse {@r2}
Potions
 b - a potion of mutation {unknown}
 p - a potion of berserk rage {unknown}
 s - a potion of flight {unknown}
Comestibles
 e - 3 rations
 j - 8 chunks of flesh


   Skills:
 + Level 1.0 Fighting
 * Level 1.2 Slings
 - Level 1.7 Dodging
 - Level 1.7 Stealth
 - Level 4.6 Spellcasting
 - Level 6.2 Conjurations


You had 11 spell levels left.
You knew the following spells:

 Your Spells              Type           Power        Failure   Level  Hunger
a - Magic Dart            Conj           ###.         1%          1    None
b - Searing Ray           Conj           ###...       2%          2    ##.....

Your spell library contained the following spells:

 Spells                   Type           Power        Failure   Level  Hunger
 Iskenderun's Mystic Bla  Conj           ###.....     17%         4    ####...
 Dazzling Spray           Conj/Hex       #.....       19%         3    ###....
 Force Lance              Conj/Tloc      #.......     52%         4    ####...
 Fulminant Prism          Conj/Hex       #.........   52%         4    ####...


Dungeon Overview and Level Annotations

Branches:
Dungeon (6/15)
 Temple: D:4-7

Altars:
Hepliaklqana
Nemelex Xobeh
Okawaru


Innate Abilities, Weirdness & Mutations

Your plain brown scales are hard. (AC +6)
You cannot fit into any form of body armour.
You are cold-blooded and may be slowed by cold attacks.


Message History

Aim: a gnoll You shoot a stone.
The stone hits the gnoll!
The gnoll is poisoned.
The gnoll misses you.
The gnoll hits you from afar with a +0 spear.
* * * LOW HITPOINT WARNING * * *
Firing (i - inventory)
r - 10 stones (quivered)
Aim: a gnoll, wielding a +0 spear You shoot a stone.
The stone closely misses the gnoll.
The gnoll shaman looks more healthy.
The gnoll closely misses you. The gnoll shaman barely misses you.
Firing (i - inventory)
r - 9 stones (quivered)
Aim: a gnoll, wielding a +0 spear You shoot a stone.
The stone closely misses the gnoll.
The stone hits the gnoll.
You kill the gnoll!
The gnoll hits you from afar with a +0 spear.
* * * LOW HITPOINT WARNING * * *
The gnoll shaman closely misses you.
The gnoll hits you but does no damage. x2
The gnoll barely misses you.
The gnoll hits you from afar with a +0 spear!
* * * LOW HITPOINT WARNING * * *
The gnoll closely misses you.
Firing (i - inventory)
r - 8 stones (quivered)
Aim: a gnoll shaman, wielding a +0 club and wearing a +0 robe (severely wounded)
You shoot a stone. The stone hits the gnoll shaman.
The gnoll shaman is poisoned.
You kill the gnoll shaman!
Your Fighting skill increases to level 1!
Your Slings skill increases to level 1!
The gnoll hits you but does no damage.
The gnoll hits you from afar with a +0 spear.
* * * LOW HITPOINT WARNING * * *
You feel better. The gnoll hits you but does no damage.
The gnoll hits you from afar with a +0 spear.
* * * LOW HITPOINT WARNING * * *
Firing (i - inventory)
r - 7 stones (quivered)
Aim: a gnoll, wielding a +0 spear (lightly wounded)
You shoot a stone. The stone closely misses the gnoll.
The gnoll misses you.
The gnoll hits you from afar with a +0 spear.
* * * LOW HITPOINT WARNING * * *
Firing (i - inventory)
r - 6 stones (quivered)
Aim: a gnoll, wielding a +0 spear (lightly wounded)
You shoot a stone. The stone hits the gnoll.
The gnoll is poisoned.
The gnoll barely misses you. The gnoll hits you but does no damage.
Firing (i - inventory)
r - 5 stones (quivered)
Aim: a gnoll, wielding a +0 club You shoot a stone.
The stone hits the gnoll.
The gnoll hits you with a +0 club!
* * * LOW HITPOINT WARNING * * *
The gnoll hits you from afar with a +0 spear.
You die...

# . .###
######### #...#
#.......#......
#.......#......
#......((......
#@$g.%(.#......
#.g)....# ##.##
#....†..#
#########


You could see 2 gnolls.

Vanquished Creatures
  2 ogres
  A howler monkey (D:6)
  An orc wizard (D:3)
  A gnoll shaman (D:5)
  An orc priest (D:3)
  2 worker ants
  A gnoll (D:5)
  3 adders
  2 worms (D:2)
  A dart slug (D:2)
  4 orcs (D:3)
  3 giant cockroaches (D:1)
  6 hobgoblins
  6 kobolds (D:2)
  A quokka (D:2)
  A ball python (D:3)
  8 bats
  4 frilled lizards
  4 goblins
  5 rats
57 creatures vanquished.

Notes
Turn   | Place    | Note
-------+----------+-------------------------------------------
     0 | D:1      | MatthieuS the Draconian Conjurer began the quest for the
                  | Orb.
     0 | D:1      | Reached XP level 1. HP: 14/14 MP: 3/3
   508 | D:1      | Reached XP level 2. HP: 20/20 MP: 0/5
  1316 | D:2      | Reached XP level 3. HP: 26/26 MP: 0/7
  1412 | D:2      | Found a hazy altar of Hepliaklqana.
  1518 | D:2      | You fall through a shaft!
  1558 | D:3      | Got a dazzling hunting sling
  1654 | D:3      | Learned a level 2 spell: Searing Ray
  1952 | D:2      | Reached XP level 4. HP: 19/33 MP: 0/8
  2237 | D:2      | Found a sparkling altar of Nemelex Xobeh.
  2599 | D:3      | Found an iron altar of Okawaru.
  2653 | D:3      | Reached skill level 5 in Conjurations
  2665 | D:3      | Reached XP level 5. HP: 28/38 MP: 3/10
  2818 | D:3      | Noticed an ogre
  2820 | D:3      | Identified the +2 hunting sling of a bazaar {venom, rPois
                  | Str+4 Int-5 Stlth+} (You found it on level 3 of the
                  | Dungeon)
  2827 | D:3      | Killed an ogre
  2884 | D:3      | You fall through a shaft for 3 floors!
  2890 | D:6      | Reached XP level 6. HP: 45/45 MP: 12/12
  2897 | D:6      | Reached skill level 6 in Conjurations
  2927 | D:5      | Entered Level 5 of the Dungeon
  2957 | D:5      | Reached skill level 1 in Fighting
  2957 | D:5      | Reached skill level 1 in Slings
  2962 | D:5      | HP: 1/47 [gnoll/+0 club (8)]
  2962 | D:5      | Slain by a gnoll

Levels and vault maps discovered:
D:1:      lemuel_arrival_tunnels, layout_rooms
D:2:      layout_basic, overflow_temple_1_default, lemuel_round_altar
D:3:      layout_loops_cross, okawaru_trees_2, minmay_checkerbox
D:5:      layout_loops_cross, first_ration
D:6:      layout_loops_corners, lemuel_doored_altar, ashenzari_altar_1

Skill      XL: |  1  2  3  4  5  6 |
---------------+-------------------+-----
Spellcasting   | 3 4 |  4.6
Conjurations   | 5 6 |  6.2
Fighting       | 1 |  1.0
Slings         | 1 |  1.2
Dodging        | |  1.7
Stealth        | |  1.7

Action                   |  1- 3 |  4- 6 || total
-------------------------+-------+-------++-------
Melee: Unarmed           |    10 |       ||    10
       Tailslap          |     3 |     2 ||     5
       Dagger            |    25 |     8 ||    33
 Fire: Hunting sling     |       |    32 ||    32
 Cast: Magic Dart        |    79 |    17 ||    96
       Searing Ray       |     1 |     2 ||     3
  Use: Potion            |       |     4 ||     4
       Scroll            |       |     3 ||     3
  Eat: Chunk             |     4 |     3 ||     7
Armor: Skin              |    19 |    19 ||    38
Dodge: Dodged            |    28 |    46 ||    74

Table legend:
 A = Non-vault XP
 B = Vault XP
 C = Vault XP percentage of total XP
 D = Non-vault monster count
 E = Vault monster count
 F = Vault count percentage of total count
                 A         B        C        D         E       F
            +---------+---------+-------+---------+---------+-------
      Total |     601 |      20 |   3.2 |      53 |       4 |   7.0
            +---------+---------+-------+---------+---------+-------
        D:1 |      22 |       0 |   0.0 |      15 |       0 |   0.0
        D:2 |      55 |       0 |   0.0 |      23 |       0 |   0.0
        D:3 |     233 |      20 |   7.9 |       9 |       4 |  30.8
        D:5 |      91 |       0 |   0.0 |       3 |       0 |   0.0
        D:6 |     200 |       0 |   0.0 |       3 |       0 |   0.0
            +---------+---------+-------+---------+---------+-------
